 Dungeon Crawl Stone Soup version 0.21.1-1-g345015fe64 (webtiles) character file.

14794 Jannitor the Covert (level 11, -7/102 HPs)
             Began as a Demonspawn Chaos Knight on June 12, 2018.
             Mangled by a tentacled starspawn (28 damage)
             ... on level 3 of the Abyss.
             The game lasted 00:38:05 (15182 turns).

Jannitor the Covert (Demonspawn Chaos Knight)      Turns: 15182, Time: 00:38:06

Health: -7/102     AC: 10    Str: 16      XL:     11   Next: 93%
Magic:  0/13       EV: 20    Int: 15      God:    Xom [..*...]
Gold:   907        SH:  0    Dex: 17 (22) Spells: 5/14 levels left

rFire    . . .     SeeInvis +   a - +0 short sword (chaos)
rCold    + . .     Gourm    .   p - +1 buckler
rNeg     . . .     Faith    .   M - +0 leather armour {rC+}
rPois    .         Spirit   +   (helmet restricted)
rElec    +         Reflect  +   m - +1 cloak
rCorr    .         Harm     .   L - +0 pair of gloves
MR       +....                  H - +0 pair of boots
Stlth    +++.......             Y - +4 amulet of reflection
HPRegen  0.27/turn              F - ring "Rosasimo" {Dex+3 SInv}
MPRegen  0.13/turn              O - ring of protection from magic

@: confused, mighty, agile, about to teleport, drained
A: antennae 2, fangs 1, talons 1, thin metallic scales 2, deterioration 1, low
mp 1, powered by death 2, robust 2, electricity resistance, weak 1, wild magic
1, magic shield
a: Renounce Religion


You were on level 3 of the Abyss.
You worshipped Xom.
You were a toy of Xom.
You were not hungry.

You visited 3 branches of the dungeon, and saw 13 of its levels.
You visited the Abyss 1 time.
You also visited: Ossuary.

You collected 907 gold pieces.

Inventory:

Hand Weapons
 a - a +0 short sword of chaos (weapon)
 h - a +1 dagger of draining
 N - a +0 blowgun
Missiles
 t - 5 needles of frenzy
 I - 2 curare-tipped needles
 P - 28 poisoned needles
Armour
 b - a +2 leather armour
 m - a +1 cloak (worn)
 p - a +1 buckler (worn)
 H - a +0 pair of boots (worn)
 L - a +0 pair of gloves (worn)
 M - a +0 leather armour of cold resistance (worn)
Jewellery
 o - an uncursed ring of flight
 F - the ring "Rosasimo" (left hand) {Dex+3 SInv}
   (Xom gifted it to you on level 6 of the Dungeon)

   [ring of see invisible]

   It affects your dexterity (+3).
   It lets you see invisible.
 O - a ring of protection from magic (right hand)
 X - a +3 ring of protection {unknown}
 Y - a +4 amulet of reflection (around neck)
Wands
 x - a wand of disintegration (13)
 C - a wand of polymorph (12)
 J - a wand of flame (22)
 T - a wand of paralysis (5)
 U - a wand of clouds (5)
 Z - a wand of digging (24)
Scrolls
 d - 3 scrolls of amnesia
 e - a scroll of enchant weapon
 g - 4 scrolls of identify
 j - 2 scrolls of fear
 n - 4 scrolls of teleportation
 u - a scroll of enchant armour
 y - 2 scrolls of fog
 B - a scroll of magic mapping
 G - 4 scrolls of remove curse
 S - a scroll of brand weapon
Potions
 l - a potion of invisibility
 r - 2 potions of flight
 s - a potion of mutation
 v - 6 potions of brilliance
 w - 5 potions of curing
 z - a potion of might
 D - 2 potions of lignification
 R - a potion of cancellation
Books
 i - a book of Geomancy

   Spells                             Type                      Level
   a - Sandblast                      Earth                        1
   b - Passwall                       Transmutation/Earth          2
   c - Stone Arrow                    Conjuration/Earth            3
   d - Petrify                        Transmutation/Earth          4
   e - Lee's Rapid Deconstruction     Earth                        5
 E - a book of Flames

   Spells                             Type                      Level
   a - Flame Tongue                   Conjuration/Fire             1
   b - Throw Flame                    Conjuration/Fire             2
   c - Conjure Flame                  Conjuration/Fire             3
   d - Inner Flame                    Hexes/Fire                   3
   e - Sticky Flame                   Conjuration/Fire             4
   f - Fireball                       Conjuration/Fire             5
Miscellaneous
 Q - a fan of gales
 W - a lamp of fire (inert)
Comestibles
 c - 19 rations


   Skills:
 - Level 7.7(6.5) Fighting
 - Level 7.1(6.0) Short Blades
 - Level 2.9(1.8) Armour
 - Level 6.4(5.3) Dodging
 + Level 10.0(8.7) Stealth
 - Level 4.7(3.6) Shields
 - Level 2.4(1.4) Spellcasting
 - Level 2.6(1.5) Conjurations
 - Level 4.7(3.7) Transmutations
 - Level 5.2(4.1) Earth Magic
 - Level 3.4(2.4) Evocations


You had 5 spell levels left.
You knew the following spells:

 Your Spells              Type           Power        Failure   Level  Hunger
a - Passwall              Tmut/Erth      ###.......   13%         2    ###....
b - Petrify               Tmut/Erth      ###.....     61%         4    #####..
c - Stone Arrow           Conj/Erth      ##....       36%         3    ####...


Dungeon Overview and Level Annotations

Branches:
Dungeon (10/15)            Temple (1/1) D:5            Lair (2/6) D:10
    Orc (0/2) D:9
  Swamp: Lair:2-4    Shoals: Lair:2-4     Snake: Lair:2-4    Spider: Lair:2-4

Altars:
Ashenzari
Cheibriados
Dithmenos
Elyvilon
Fedhas
Gozag
Hepliaklqana
Kikubaaqudgha
Makhleb
Nemelex Xobeh
Okawaru
Qazlal
Ru
Sif Muna
Trog
Uskayaw
Vehumet
Wu Jian
Xom
Yredelemnul
Zin
The Shining One

Shops:
D:9 %

Annotations:
D:3 1 runed door
D:9 1 exclusion
D:10 exclusions: shadow imp, 3 wights and 2 yaks


Innate Abilities, Weirdness & Mutations

You have a pair of antennae on your head.
You are mostly covered in thin metallic scales. (AC +3)
You regenerate health from kills.
When hurt, damage is shared between your health and your magic reserves.
You have very sharp teeth.
You have sharp toenails.
Your body sometimes deteriorates upon taking damage.
Your magical capacity is low. (-10% MP)
You are very robust. (+20% HP)
You are resistant to electric shocks. (rElec)
You are weak. (Str -2)
Your spells are a little harder to cast, but a little more powerful.


Message History

The floor, spattered with blood.
Unknown command.
Press: ? - help, v - describe, . - travel
Here: a raiju (sick)
The floor.
Unknown command.
You feel agile all of a sudden. You block the raiju's attack.
The tentacled starspawn misses you.
You block the tentacled starspawn's attack.
A small abomination comes into view.
You are confused.
You feel invigorated. The raiju misses you. The tentacled starspawn misses you.
The tentacled starspawn engulfs you!
* * * LOW HITPOINT WARNING * * *
Unknown command.
Unknown command.
You miss the raiju. The raiju bites you but does no damage.
The tentacled starspawn bites you!!
You die...
Xom guffaws!

.. # . #. §# .
.##. .. ..### ..
{.#.#.#..
###...x.# . { ##
#@h3.......
##..{#X#.......#
#...{wXww###.###
..#.{5w#.. ...#
.. ..5..5##...#
# . #
#..#...§#5#.# #
# . #
#....†..... .#
#.#.
#....#.##.... .
# . .##.#.####
.#..


You could see 2 tentacled starspawn, a soul eater, a raiju, a small abomination
(wandering), 3 starspawn tentacles and 3 ufetubi.

Vanquished Creatures
  A hydra (Lair:1)
  A two-headed ogre (D:10)
  A wretched star (Abyss:3)
  An unseen horror (D:10)
  Maurice (D:8)
  2 black mambas (Lair:1)
  4 spiny frogs
  4 hippogriffs
  4 blink frogs (Lair:2)
  2 raiju (Abyss:3)
  A spriggan (Lair:1)
  A large abomination (Abyss:3)
  7 yaks
  A neqoxec (Abyss:3)
  Grum (Lair:1)
  A warg (D:9)
  The ghost of gorpus the Chiller, an amateur OpIE (D:3)
  An acid dragon (D:8)
  2 water moccasins
  2 soldier ants (D:10)
  Duvessa (D:4)
  4 porcupines
  3 sky beasts
  A black bear (D:9)
  2 orc warriors (D:6)
  A hornet zombie (D:7)
  7 ogres
  A necrophage (D:5)
  3 wolves (D:10)
  3 centaurs
  A crocodile (Lair:1)
  4 big kobolds
  9 bullfrogs
  A gnoll sergeant (D:9)
  Dowan (D:4)
  2 howler monkeys
  5 crimson imps
  A centaur zombie (D:5)
  A starcursed mass (Abyss:3)
  A quasit (Abyss:3)
  4 hounds
  3 human zombies (Ossuary)
  A bullfrog zombie (D:9)
  A jelly (D:10)
  8 orc priests
  3 bullfrog skeletons
  A centaur skeleton (D:5)
  An iguana (D:7)
  5 orc wizards
  12 worker ants
  A killer bee zombie (D:7)
  A hound skeleton (D:8)
  3 mummies (Ossuary)
  8 gnolls
  6 adders
  A howler monkey skeleton (D:7)
  5 shadow imps
  An ooze (D:3)
  An adder skeleton (D:6)
  3 adder zombies
  A worm (D:2)
  2 dart slugs
  5 leopard geckos
  18 orcs
  4 giant cockroaches
  15 goblins
  7 hobgoblins
  10 jackals
  A jackal (shapeshifter) (D:5)
  6 quokkas
  2 ball pythons (shapeshifter) (D:10)
  3 ball pythons
  7 bats
  2 frilled lizards
  A goblin zombie (D:6)
  A hobgoblin zombie (Ossuary)
  22 kobolds
  2 orc zombies (Ossuary)
  A quokka skeleton (D:8)
  11 rats
  A rat zombie (D:6)
282 creatures vanquished.

Vanquished Creatures (collateral kills)
  Pikel (D:4)
  A hippogriff (Lair:1)
  2 yaks (Lair:1)
  A porcupine (Lair:2)
  A phantom (D:4)
  An elf zombie (Ossuary)
  A bullfrog (Lair:1)
  A scorpion (D:8)
  A crimson imp (D:8)
  A human zombie (Ossuary)
  2 mummies (Ossuary)
  A worm (D:4)
  An orc (D:8)
  A goblin (D:1)
  A quokka zombie (D:5)
17 creatures vanquished.

Vanquished Creatures (others)
  The ghost of Teps the Cruncher, a novice MiBe of Trog (D:9)
  A basilisk (Lair:1)
  A bullfrog (D:7)
  A hound (D:4)
  A jelly (D:4)
  A worker ant (D:4)
  2 goblins (D:2)
  A kobold zombie (Ossuary)
  An orc zombie (Ossuary)
  A rat zombie (Ossuary)
  3 starspawn tentacles (Abyss:3)
  4 tentacles (Abyss:3)
18 creatures vanquished.

Grand Total: 317 creatures vanquished

Notes
Turn   | Place    | Note
-------+----------+-------------------------------------------
     0 | D:1      | Jannitor the Demonspawn Chaos Knight began the quest for the Orb.
     0 | D:1      | Reached XP level 1. HP: 18/18 MP: 1/1
    12 | D:1      | Reached skill level 1 in Dodging
   309 | D:1      | Gained mutation: When hurt, damage is shared between your health and your magic reserves. [demonic ancestry]
   309 | D:1      | Reached XP level 2. HP: 20/24 MP: 2/2
   578 | D:1      | XOM: divination: detect creatures
   637 | D:1      | XOM: harmless Hex miscast
   663 | D:1      | XOM: harmless Ice miscast
   778 | D:1      | XOM: fog
  1071 | D:2      | Gained mutation: You are partially covered in thin metallic scales. (AC +2) [demonic ancestry]
  1071 | D:2      | Reached XP level 3. HP: 15/29 MP: 1/3
  1343 | D:2      | HP: 1/29 [gnoll/halberd (12)]
  1353 | D:2      | Reached XP level 4. HP: 14/35 MP: 1/4
  1565 | D:2      | Noticed Robin
  1602 | D:2      | Noticed Robin
  1602 | D:2      | Robin changed into Robin the rat
  1602 | D:2      | XOM: polymorph Robin -> Robin the rat
  1605 | D:2      | Killed Robin the rat
  1950 | D:2      | Gained mutation: You have a pair of small antennae on your head. [demonic ancestry]
  1950 | D:2      | Reached XP level 5. HP: 42/42 MP: 5/5
  2019 | D:2      | XOM: enchant monster (bad)
  2283 | D:2      | XOM: mild Pois miscast
  2514 | D:3      | Noticed gorpus's ghost (amateur OpIE)
  2527 | D:3      | XOM: confusion
  2582 | D:4      | Noticed a slave
  2583 | D:4      | Noticed a slave
  2584 | D:4      | Noticed Pikel
  2584 | D:4      | Noticed a slave
  2584 | D:4      | Noticed a slave
  2624 | D:4      | Killed Pikel
  2624 | D:4      | Reached skill level 2 in Stealth
  2624 | D:4      | Reached XP level 6. HP: 42/49 MP: 6/6
  2651 | D:4      | Reached skill level 3 in Stealth
  2995 | D:4      | Noticed Grinder
  2996 | D:4      | Paralysed by Grinder for 2 turns
  2997 | D:4      | XOM: cast spell 'Summon Butterflies'
  3042 | D:4      | Gained mutation: You regenerate a little health from kills. [demonic ancestry]
  3042 | D:4      | Reached XP level 7. HP: 52/55 MP: 7/7
  3093 | D:4      | Noticed Duvessa
  3107 | D:5      | Entered Level 5 of the Dungeon
  3132 | D:5      | Found a shattered altar of Ashenzari.
  3157 | D:5      | Found a staircase to the Ecumenical Temple.
  3177 | Temple   | Entered the Ecumenical Temple
  3481 | D:5      | XOM: summons friendly crimson imp
  3521 | D:5      | Reached skill level 1 in Shields
  3606 | D:5      | XOM: silly message
  3617 | D:5      | Reached skill level 4 in Stealth
  3617 | D:5      | XOM: smoke on damage
  4061 | D:5      | XOM: summons 3 hostile demons
  4069 | D:5      | XOM: blink monster(s)
  4080 | D:5      | Gained mutation: You are mostly covered in thin metallic scales. (AC +3) [potion of mutation]
  4080 | D:5      | Gained mutation: You have very sharp teeth. [potion of mutation]
  4166 | D:5      | Reached skill level 5 in Fighting
  4166 | D:5      | Reached XP level 8. HP: 41/61 MP: 8/8
  4168 | D:5      | XOM: summons 3 hostile shadow creatures
  4212 | D:4      | Noticed Grinder
  4212 | D:4      | Grinder changed into Grinder the crimson imp
  4212 | D:4      | XOM: polymorph Grinder -> Grinder the crimson imp
  4256 | D:4      | Killed Grinder the crimson imp
  4418 | D:4      | Noticed Dowan
  4446 | D:4      | XOM: god gift: book of Geomancy
  4451 | D:4      | Learned a level 2 spell: Passwall
  4619 | D:3      | XOM: give mutation
  4619 | D:3      | Gained mutation: You are resistant to electric shocks. (rElec) [Xom's grace]
  4651 | D:3      | XOM: scenery: create altars
  4710 | D:3      | Found a runed door.
  4759 | D:3      | Killed gorpus's ghost
  4948 | D:4      | XOM: summons friendly iron imp
  4957 | D:4      | Killed Duvessa
  4959 | D:4      | XOM: smoke on damage
  4964 | D:4      | Killed Dowan
  4964 | D:4      | Reached skill level 5 in Stealth
  4964 | D:4      | Reached skill level 1 in Transmutations
  5224 | D:5      | Reached skill level 1 in Earth Magic
  5535 | D:6      | XOM: enchant monster (good)
  5544 | D:6      | Reached skill level 5 in Short Blades
  5703 | D:6      | Found a sand-covered staircase.
  5721 | D:6      | Learned a level 4 spell: Petrify
  5724 | Ossuary  | Entered an ossuary
  5742 | Ossuary  | XOM: god gift: sharpened ivory wand {god gift}
  5754 | Ossuary  | XOM: scenery: create altars
  5765 | Ossuary  | XOM: destruction
  5766 | Ossuary  | XOM: summons friendly white imp
  5767 | Ossuary  | XOM: polymorph white imp -> quasit
  5797 | Ossuary  | XOM: fog
  6179 | D:6      | Found a bloodstained altar of Trog.
  6228 | D:6      | XOM: scenery: create altars
  6231 | D:6      | XOM: confuse monster(s)
  6236 | D:6      | Gained mutation: You regenerate health from kills. [demonic ancestry]
  6236 | D:6      | Reached XP level 9. HP: 42/68 MP: 6/9
  6488 | D:6      | Reached skill level 6 in Stealth
  6496 | D:6      | Found an ancient bone altar of Kikubaaqudgha.
  6742 | D:6      | XOM: polymorph crimson imp -> shadow imp
  6748 | D:6      | XOM: god gift: heavily runed turquoise ring {god gift}
  6759 | D:6      | Got a heavily runed turquoise ring {god gift}
  6760 | D:6      | Identified the ring "Rosasimo" {Dex+3 SInv} (Xom gifted it to you on level 6 of the Dungeon)
  7455 | D:7      | XOM: polymorph bullfrog -> worker ant
  7716 | D:7      | XOM: 2-stop teleportation journey
  7980 | D:7      | XOM: silly message
  8177 | D:7      | XOM: harmless Conj miscast
  8389 | D:8      | XOM: scenery: 1 doors open
  8435 | D:8      | Got a heavily runed crystal amulet
  8500 | D:8      | Identified the amulet of Duwkaude {Harm *Drain +Blink rN+++ MR- Dex-4} (You found it on level 8 of the Dungeon)
  8549 | D:8      | XOM: give mutations
  8549 | D:8      | Gained mutation: You are weak. (Str -2) [Xom's mischief]
  8549 | D:8      | Gained mutation: You are clumsy. (Dex -2) [Xom's mischief]
  8549 | D:8      | Gained mutation: Your body sometimes deteriorates upon taking damage. [Xom's mischief]
  8549 | D:8      | Gained mutation: You are robust. (+10% HP) [Xom's mischief]
  8615 | D:8      | XOM: confusion
  8665 | D:8      | Found a burning altar of Makhleb.
  8665 | D:8      | Noticed a blizzard demon
  8668 | D:8      | Noticed an orange demon
  8695 | D:8      | Reached skill level 5 in Dodging
  8918 | D:8      | XOM: divination: magic mapping
  8920 | D:8      | Reached skill level 7 in Stealth
  8950 | D:8      | Noticed Maurice
  8955 | D:8      | XOM: summons friendly shadow imp
  8964 | D:8      | Killed Maurice
  8998 | D:8      | Gained mutation: You have a pair of antennae on your head. [demonic ancestry]
  8998 | D:8      | Reached XP level 10. HP: 56/83 MP: 8/10
  9152 | D:8      | Found a sacrificial altar of Ru.
  9194 | D:8      | Reached skill level 1 in Evocations
  9423 | D:8      | XOM: cloud trail
  9424 | D:8      | XOM: give mutations
  9424 | D:8      | Gained mutation: You have sharp toenails. [Xom's grace]
  9424 | D:8      | Gained mutation: You are very robust. (+20% HP) [Xom's grace]
  9424 | D:8      | Gained mutation: Your spells are a little harder to cast, but a little more powerful. [Xom's grace]
  9424 | D:8      | Gained mutation: You possess an exceptional clarity of mind. [Xom's grace]
  9550 | D:9      | XOM: confuse monster(s)
  9554 | D:9      | XOM: divination: detect items
  9558 | D:9      | XOM: divination: detect creatures
  9582 | D:9      | XOM: divination: detect creatures
  9593 | D:9      | XOM: harmless Chrm miscast
  9615 | D:9      | XOM: confuse monster(s)
  9630 | D:9      | Found a staircase to the Orcish Mines.
  9706 | D:9      | Noticed Teps's ghost (novice MiBe)
  9750 | D:9      | XOM: scenery: create altars
  9753 | D:9      | XOM: enchant monster (good)
  9757 | D:9      | XOM: cast spell 'Death Channel'
  9970 | D:9      | XOM: divination: detect items
 10244 | D:9      | XOM: enchant monster (bad)
 10249 | D:9      | XOM: mild Pois miscast
 10252 | D:9      | XOM: cleaving
 10256 | D:9      | Banished Teps's ghost
 10332 | D:9      | Found a bloodstained altar of Trog.
 10333 | D:9      | Noticed a wizard
 10347 | D:9      | XOM: 8-stop teleportation journey
 10428 | D:9      | Found Voifyubb's Food Shop.
 10429 | D:9      | XOM: medium Chrm miscast
 10458 | D:9      | Found a sparkling altar of Nemelex Xobeh.
 10458 | D:9      | XOM: 2-stop teleportation journey
 10524 | D:9      | XOM: mild Pois miscast
 10564 | D:9      | XOM: give mutations
 10564 | D:9      | Lost mutation: You possess an exceptional clarity of mind. [Xom's mischief]
 10564 | D:9      | Lost mutation: You are clumsy. (Dex -2) [Xom's mischief]
 10564 | D:9      | Gained mutation: Your magical capacity is low. (-10% MP) [Xom's mischief]
 10606 | D:9      | Found a white marble altar of Elyvilon.
 10606 | D:9      | Found a glowing golden altar of the Shining One.
 10843 | D:10     | Entered Level 10 of the Dungeon
 10843 | D:10     | Found a shimmering altar of Xom.
 10844 | D:10     | Found a shimmering altar of Xom.
 10845 | D:10     | Found a shimmering altar of Xom.
 10847 | D:10     | Found a shimmering altar of Xom.
 10847 | D:10     | Found a shimmering altar of Xom.
 10847 | D:10     | Found a shimmering altar of Xom.
 10847 | D:10     | Found a shimmering altar of Xom.
 10848 | D:10     | Found a shimmering altar of Xom.
 10849 | D:10     | Found a shimmering altar of Xom.
 10849 | D:10     | Found a shimmering altar of Xom.
 10849 | D:10     | Found a shimmering altar of Xom.
 10905 | D:10     | Noticed an unseen horror
 10918 | D:10     | XOM: harmless Air miscast
 10919 | D:10     | XOM: harmless Ice miscast
 10922 | D:10     | Killed an unseen horror
 10922 | D:10     | Reached skill level 8 in Stealth
 11074 | D:10     | XOM: harmless Summ miscast
 11080 | D:10     | XOM: confuse monster(s)
 11172 | D:10     | Learned a level 3 spell: Stone Arrow
 11450 | D:10     | XOM: harmless Summ miscast
 11451 | D:10     | XOM: potion effect (invisibility)
 11612 | D:10     | Found a staircase to the Lair.
 11673 | D:10     | Reached skill level 1 in Conjurations
 11675 | D:10     | Noticed a two-headed ogre
 11679 | D:10     | XOM: potion effect (magic)
 11680 | D:10     | XOM: silly message
 11684 | D:10     | XOM: cast spell 'Ring of Flames'
 11687 | D:10     | Killed a two-headed ogre
 11687 | D:10     | Reached XP level 11. HP: 78/100 MP: 7/11
 11762 | D:10     | XOM: polymorph yak -> wolf
 12024 | Lair:1   | Entered Level 1 of the Lair of Beasts
 12024 | Lair:1   | Noticed Grum
 12042 | D:10     | XOM: confuse monster(s)
 12244 | Lair:1   | Killed Grum
 12488 | Lair:1   | XOM: confuse monster(s)
 12496 | Lair:1   | XOM: cast spell 'Call Canine Familiar'
 12509 | Lair:1   | XOM: harmless Air miscast
 12786 | Lair:1   | XOM: enchant monster (good)
 12860 | Lair:1   | XOM: polymorph crocodile -> dart slug
 12873 | Lair:1   | XOM: cleaving
 12875 | Lair:1   | XOM: summons friendly sixfirhy
 12876 | Lair:1   | Reached skill level 1 in Spellcasting
 13154 | Lair:1   | Noticed a five-headed hydra
 13159 | Lair:1   | Killed a five-headed hydra
 13161 | Lair:1   | Reached skill level 9 in Stealth
 13167 | Lair:1   | XOM: god gift: runed scarf {god gift}
 13238 | Lair:1   | XOM: divination: detect items
 13584 | Lair:2   | XOM: destruction
 13684 | Lair:1   | XOM: scenery: create altars
 13849 | Lair:2   | XOM: god gift: wand of digging (9)
 13987 | Lair:2   | XOM: enchant monster (bad)
 14001 | Lair:2   | XOM: summons friendly sixfirhy
 14056 | Lair:2   | XOM: blink monster(s)
 14060 | Lair:2   | Reached skill level 5 in Earth Magic
 14161 | Lair:2   | XOM: harmless Fire miscast
 14229 | Lair:2   | XOM: mild Erth miscast
 14230 | Lair:2   | XOM: destruction
 14234 | Lair:2   | XOM: swap monsters
 14235 | Lair:2   | XOM: swap monsters
 14248 | Lair:2   | XOM: swap monsters
 14400 | Lair:2   | XOM: mild Pois miscast
 14535 | Lair:2   | XOM: blink monster(s)
 14548 | Lair:2   | XOM: medium Fire miscast
 14555 | Lair:2   | XOM: harmless Hex miscast
 14563 | Lair:2   | XOM: god gift: scroll of amnesia
 14687 | Lair:2   | XOM is BORED!
 14687 | Lair:2   | XOM: severe Summ miscast
 14687 | Lair:2   | Cast into level 3 of the Abyss (the severe capriciousness of Xom)
 14687 | Abyss:3  | Found a corrupted altar of Lugonu.
 14731 | Abyss:3  | Noticed a glowing orange brain
 14747 | Abyss:3  | Noticed a tentacled starspawn
 14801 | Abyss:3  | Noticed a starcursed mass
 14816 | Abyss:3  | XOM: medium Air miscast
 14872 | Abyss:3  | Noticed a kraken
 14872 | Abyss:3  | Noticed a wretched star
 14880 | Abyss:3  | Noticed a fire crab
 14887 | Abyss:3  | Killed a wretched star
 14888 | Abyss:3  | Noticed a ghost crab
 14891 | Abyss:3  | Noticed a reaper
 14895 | Abyss:3  | XOM: summons 9 friendly demons
 14897 | Abyss:3  | Noticed a large abomination
 14899 | Abyss:3  | Found a shimmering altar of Xom.
 14921 | Abyss:3  | Noticed a thrashing horror
 14922 | Abyss:3  | Noticed a thrashing horror
 14925 | Abyss:3  | Noticed a thrashing horror
 15020 | Abyss:3  | Noticed a large abomination
 15114 | Abyss:3  | Noticed a starcursed mass
 15131 | Abyss:3  | XOM: noise
 15132 | Abyss:3  | Noticed a tentacled starspawn
 15148 | Abyss:3  | XOM: confuse monster(s)
 15164 | Abyss:3  | Noticed a tentacled starspawn
 15165 | Abyss:3  | Noticed a soul eater
 15167 | Abyss:3  | Reached skill level 10 in Stealth
 15174 | Abyss:3  | XOM: summons friendly shadow imp
 15177 | Abyss:3  | Noticed an entropy weaver
 15182 | Abyss:3  | Mangled by a tentacled starspawn

Skill      XL: |  1  2  3  4  5  6  7  8  9 10 11 |
---------------+----------------------------------+-----
Dodging        | 1 2 3 4 5 6 |  6.4
Armour         | 2 |  2.9
Short Blades   | 3 4 5 6 7 |  7.1
Fighting       | 4 5 6 7 |  7.7
Stealth        | 2 3 4 5 7 8 10 | 10.0
Shields        | 1 2 3 4 |  4.7
Transmutations | 2 3 4 |  4.7
Earth Magic    | 1 3 4 5 |  5.2
Evocations     | 2 3 |  3.4
Conjurations   | 1 2 |  2.6
Spellcasting   | 2 |  2.4

Action                   |  1- 3 |  4- 6 |  7- 9 | 10-12 || total
-------------------------+-------+-------+-------+-------++-------
Melee: Short sword       |   116 |    10 |   437 |   202 ||   765
       Dagger            |       |   165 |   399 |   775 ||  1339
       Bite              |       |       |    82 |   114 ||   196
 Cast: Passwall          |       |       |     1 |     5 ||     6
Evoke: Wand              |       |       |     9 |     2 ||    11
       Lamp of fire      |       |       |       |     1 ||     1
  Use: Potion            |     2 |     3 |     5 |     9 ||    19
       Scroll            |       |       |    14 |    19 ||    33
 Stab: Invisible         |     2 |     4 |       |     8 ||    14
       Paralysed         |       |     2 |     1 |     3 ||     6
       Distracted        |       |     1 |     5 |     2 ||     8
       Petrified         |       |       |    10 |     1 ||    11
       Sleeping          |       |       |    11 |     8 ||    19
       Confused          |       |       |     3 |    14 ||    17
       Petrifying        |       |       |       |     3 ||     3
  Eat: Chunk             |     1 |     6 |    12 |     7 ||    26
       Ration            |       |       |     3 |     4 ||     7
Armor: Leather armour    |    38 |    52 |   278 |   221 ||   589
Dodge: Dodged            |    58 |   113 |   479 |   465 ||  1115
Block: Buckler           |       |     2 |   217 |   349 ||   568
